 Dungeon Crawl Stone Soup version 0.31.0-32-g396128a36d (webtiles) character file.

Game seed: 12814614848068422004

15485 Destapler the Basher (level 12, -1/180 HPs)
             Began as a Troll Berserker on Mar 30, 2024.
             Was an Elder of Trog.
             Succumbed to Erica's bolt of poison
             ... on level 2 of the Lair of Beasts.
             The game lasted 00:51:58 (12473 turns).

Destapler the Basher (Troll Berserker)             Turns: 12473, Time: 00:51:59

Health: -1/180     AC:  7    Str: 30    XL:     12   Next: 1%
Magic:  11/11      EV: 10    Int:  5    God:    Trog [****..]
Gold:   77         SH: 16    Dex: 15    Spells: 11/11 levels left

rFire   . . .        b - +1 demon whip (venom)
rCold   . . .        i - +2 tower shield
rNeg    . . .        G - +0 steam dragon scales
rPois   .            (helmet restricted)
rElec   .            P - scarf {+Inv}
rCorr   .            (gloves unavailable)
SInv    .            (boots unavailable)
Will    +++..        p - amulet of the acrobat Stlth
                     o - ring of willpower
HPRegen 2.30/turn    q - +6 ring of dexterity
MPRegen 0.12/turn

%: acrobat
@: berserking, lethally poisoned (-1 -> -9), strong-willed, regenerating, very
quick
A: large, unfitting armour, claws 3, regeneration 1, shaggy fur 1, tough skin 1
a: Renounce Religion, Evoke Invisibility, Berserk, Trog's Hand, Brothers in Arms


You were on level 2 of the Lair of Beasts.
You worshipped Trog.
Trog was greatly pleased with you.
You visited 3 branches of the dungeon, and saw 12 of its levels.
You also visited: Ossuary.

You collected 551 gold pieces.
You spent 474 gold pieces at shops.

Inventory:

Hand Weapons
 b - a +1 demon whip of venom (weapon)
Missiles
 d - 5 atropa-tipped darts
 g - 4 javelins
 j - a dart of dispersal
 k - 5 large rocks
 s - 15 poisoned darts (quivered)
 N - 7 boomerangs
Armour
 i - a +2 tower shield (worn)
 G - +0 steam dragon scales (worn)
 P - a scarf of invisibility (worn)
Jewellery
 h - a ring of poison resistance
 o - a ring of willpower (left claw)
 p - an amulet of the acrobat (around neck)
 q - a +6 ring of dexterity (right claw)
 z - a ring of resist corrosion
Wands
 t - a wand of iceblast (8)
 y - a wand of polymorph (9)
 K - a wand of charming (4)
 M - a wand of mindburst (3)
Scrolls
 a - a scroll of identify
 e - a scroll of fear
 m - 2 scrolls of revelation
 x - 10 scrolls of teleportation
 A - 2 scrolls of immolation
 E - 3 scrolls of fog
 H - 2 scrolls of poison
 Q - 2 scrolls of blinking
 W - a scroll of enchant armour
Potions
 c - a potion of heal wounds
 f - 5 potions of might
 l - 2 potions of attraction
 n - 2 potions of curing
 u - 2 potions of enlightenment
 w - 4 potions of ambrosia
 I - a potion of haste
 J - 2 potions of lignification
 O - a potion of invisibility {unknown}


   Skills:
 + Level 8.2 Fighting
 + Level 14.0 Maces & Flails
 - Level 4.0 Throwing
 - Level 6.0 Dodging
 * Level 4.9 Shields
 - Level 5.4 Unarmed Combat
 + Level 4.5 Evocations


You had 11 spell levels left.
You didn't know any spells.
Your spell library contained the following spells:

 Spells                   Type           Power      Damage    Failure   Level
 Freeze                   Ice            0%         1d3       90%         1
 Frozen Ramparts          Ice            0%         1d1       99%         3
 Gell's Gravitas          Tloc           0%         N/A       99%         3
 Hailstorm                Conj/Ice       0%         3d5       99%         3
 Inner Flame              Hex/Fire       0%         N/A       99%         3
 Teleport Other           Tloc           0%         N/A       99%         3
 Tukima's Dance           Hex            0%         N/A       99%         3
 Dimensional Bullseye     Hex/Tloc       0%         N/A       100%        4
 Iskenderun's Mystic Bla  Conj/Tloc      0%         2d3       100%        4
 Irradiate                Conj/Alch      0%         3d11      100%        5
 Dispersal                Tloc           0%         N/A       100%        6
 Ignition                 Fire           0%         3d3       100%        8


Dungeon Overview and Level Annotations

Branches:
Dungeon (9/15)             Temple (0/1) D:5            Lair (2/5) D:9
    Orc (1/2) D:9         Ossuary (visited)
  Swamp: Lair:2-3    Shoals: Lair:2-3     Snake: Lair:2-3    Spider: Lair:2-3

Altars:
Dithmenos
Uskayaw
Vehumet

Shops:
D:1 ?   D:3 (   D:5 :


Innate Abilities, Weirdness & Mutations

You are too large for most types of armour.
You have claws for hands.
Your natural rate of healing is unusually fast.
You are covered in fur. (AC +1)
You have tough skin. (AC +1)


Message History

A bolt of poison appears from out of thin air!
The bolt of poison misses you.
You whack something!
You feel sick.
You barely miss something.
You hear some strange, mumbled words.
A bolt of poison appears from out of thin air!
The bolt of poison hits you!!
You are more poisoned.
* * * LOW HITPOINT WARNING * * *
Unknown command.
You whack something!
You feel very sick.
You miss something.
You feel sick. Something hits you.
* * * LOW HITPOINT WARNING * * *
Something burns you.
* * * LOW HITPOINT WARNING * * *
You whack something!
You feel sick.
You closely miss something.
You feel sick.
You hear some strange, mumbled words.
A bolt of poison appears from out of thin air!
The bolt of poison hits you!!
You are more poisoned.
* * * LOW HITPOINT WARNING * * *
Unknown command.
You closely miss something.
* * * LOW HITPOINT WARNING * * *
You feel very sick.
You miss something.
* * * LOW HITPOINT WARNING * * *
You feel very sick. Trog accepts your kill.
Trog appreciates your killing of a magic user.
Reactivating autopickup.
You feel a bit more experienced.
Your Maces & Flails skill increases to level 14!
You have reached level 12!
You feel stronger.
You whack the elephant!
The elephant is poisoned.
The elephant is moderately wounded.
You die...

##..# ##.#.[.....##.#
##.####..........#...
#..#.##P.#.......###P
##................#..
###.#.P...P#.>....#P ###
##.................
#...###..................
......##.|#.........#..#.
........@###P###....#....
....8..Y## ### .#.......
#........# ### #####...#
####.(....###.####.......
###..8..{.....#.###.P.
..(.....#.8.#####...
..............##.#.P.
..8[Y.8..(.<.8##.....
........(......####.#.


You could see an elephant (very poisoned).

Vanquished Creatures
  Erica (Lair:2)
  2 spriggan druids (Lair:2)
  An orc knight (D:9)
  A black mamba (Lair:1)
  5 cane toads
  An orange demon (Lair:1)
  A rime drake (Lair:2)
  4 komodo dragons
  Jeremiah (D:8)
  A troll (D:9)
  A hornet (Lair:1)
  Grinder (D:5)
  Sigmund (D:4)
  3 wyverns
  A shadow (D:6)
  A wraith (D:9)
  The ghost of po7itron the Slasher, an amateur MfFi of Okawaru (D:4)
  8 yaks
  4 steam dragons
  Edmund (D:5)
  An acid dragon (D:9)
  4 water moccasins
  3 ice beasts
  A sky beast (D:6)
  3 orc warriors
  6 ogres
  7 wolves
  A phantom (D:6)
  A centaur (D:7)
  4 kobold brigands (D:9)
  9 bullfrogs
  3 scorpions (D:6)
  5 wights (D:8)
  10 killer bees
  A howler monkey (D:8)
  4 electric eels
  3 bullfrog zombies (Ossuary)
  8 hounds
  6 orc priests
  5 bombardier beetles
  A jelly (D:8)
  5 iguanas
  7 mummies (Ossuary)
  4 sleepcaps
  Natasha (twice) (D:2)
  2 orc wizards
  A killer bee zombie (Ossuary)
  3 crocodile zombies (Ossuary)
  4 hound zombies (Ossuary)
  6 howler monkey zombies (Ossuary)
  A gnoll (D:6)
  12 adders
  A white imp (D:7)
  6 ufetubi
  A dart slug (D:3)
  2 ribbon worms
  37 orcs
  4 ball pythons
  4 bats
  5 endoplasms
  4 giant cockroaches
  5 goblins
  3 hobgoblins
  6 quokkas
  3 ball python zombies (Ossuary)
  2 frilled lizards
  19 kobolds
  4 rats (D:2)
279 creatures vanquished.

Vanquished Creatures (collateral kills)
  Amaemon (Lair:1)
1 creature vanquished.

Grand Total: 280 creatures vanquished

Notes
Turn   | Place    | Note
-------+----------+-------------------------------------------
     0 | D:1      | Destapler the Troll Berserker began the quest for the Orb.
     0 | D:1      | Reached XP level 1. HP: 22/22 MP: 0/0
   106 | D:1      | Found Vozxux's Magic Scroll Shop.
   433 | D:2      | Reached XP level 2. HP: 21/29 MP: 1/1
   819 | D:2      | Reached XP level 3. HP: 35/36 MP: 2/2
  1111 | D:2      | Reached XP level 4. HP: 29/45 MP: 3/3
  1131 | D:2      | Noticed Natasha
  1138 | D:2      | Killed Natasha
  1211 | D:2      | Reached ** piety under Trog
  1703 | D:3      | Reached XP level 5. HP: 48/53 MP: 4/4
  1727 | D:3      | Found a hide-covered altar of Uskayaw.
  1808 | D:3      | Found a shadowy altar of Dithmenos.
  1904 | D:3      | Found Riuk's Antique Weapon Shop.
  2089 | D:2      | Noticed Natasha
  2093 | D:2      | Killed Natasha
  2183 | D:4      | Reached skill level 1 in Throwing
  2445 | D:4      | Noticed an ogre
  2451 | D:4      | Killed an ogre
  2452 | D:4      | Reached XP level 6. HP: 62/62 MP: 5/5
  2634 | D:4      | Noticed a wyvern
  2645 | D:4      | Killed a wyvern
  2646 | D:4      | Reached XP level 7. HP: 46/70 MP: 6/6
  2673 | D:4      | Noticed Sigmund
  2677 | D:4      | Killed Sigmund
  2678 | D:4      | Reached skill level 5 in Unarmed Combat
  2687 | D:4      | Found a runed translucent gate.
  2687 | D:4      | Found a runed translucent gate.
  2687 | D:4      | Found a runed translucent gate.
  2800 | D:4      | Noticed po7itron's ghost (amateur MfFi)
  2800 | D:4      | Identified the +6 chain mail "Puenest" {*Corrode Fly rPois}
  2833 | D:5      | Entered Level 5 of the Dungeon
  2839 | D:5      | Identified a scroll of acquirement
  2839 | D:5      | Acquired a manual of Maces & Flails
  2851 | D:5      | Reached skill level 1 in Maces & Flails
  2871 | D:5      | Found a staircase to the Ecumenical Temple.
  3005 | D:5      | Identified the +10 lajatang of the Hierophant {flame, rPois
                  | rF+ rCorr}
  3042 | D:5      | Noticed Edmund
  3043 | D:5      | Noticed Grinder
  3050 | D:5      | Killed Edmund
  3051 | D:5      | Reached skill level 2 in Maces & Flails
  3053 | D:5      | Killed Grinder
  3054 | D:5      | Reached skill level 5 in Fighting
  3054 | D:5      | Reached skill level 3 in Maces & Flails
  3054 | D:5      | Reached XP level 8. HP: 80/80 MP: 7/7
  3057 | D:5      | Found a sand-covered staircase.
  3078 | Ossuary  | Entered an ossuary
  3092 | Ossuary  | Reached *** piety under Trog
  3291 | Ossuary  | Reached skill level 4 in Maces & Flails
  3550 | Ossuary  | Reached skill level 5 in Maces & Flails
  3895 | D:5      | Reached skill level 6 in Maces & Flails
  3977 | D:5      | Found Salunk's Book Shoppe.
  4162 | D:5      | Reached skill level 7 in Maces & Flails
  4396 | D:6      | Reached skill level 8 in Maces & Flails
  4396 | D:6      | Reached XP level 9. HP: 89/89 MP: 8/8
  4425 | D:6      | Reached skill level 9 in Maces & Flails
  4507 | D:6      | Reached skill level 10 in Maces & Flails
  4966 | D:6      | Reached **** piety under Trog
  4983 | D:6      | Reached skill level 11 in Maces & Flails
  5252 | D:6      | Reached skill level 12 in Maces & Flails
  6151 | D:7      | Reached XP level 10. HP: 98/98 MP: 9/9
  6739 | D:8      | HP: 4/98 [poisoned by a killer bee]
  6745 | D:8      | Reached skill level 1 in Evocations
  6985 | D:8      | Found a radiant altar of Vehumet.
  7087 | D:8      | Noticed Jeremiah
  7104 | D:8      | Killed Jeremiah
  7843 | D:9      | Found a staircase to the Orcish Mines.
  7877 | D:9      | Reached skill level 13 in Maces & Flails
  7944 | D:9      | Found the +8 Vampire's Tooth {megavamp}
  8039 | D:9      | Reached skill level 5 in Dodging
  8346 | D:9      | Found a staircase to the Lair.
  8688 | Orc:1    | Entered Level 1 of the Orcish Mines
  8688 | Orc:1    | Noticed an orc knight
  8906 | D:4      | Killed po7itron's ghost
  9327 | Lair:1   | Entered Level 1 of the Lair of Beasts
  9363 | Lair:1   | Noticed a black mamba
  9375 | Lair:1   | Killed a black mamba
  9376 | Lair:1   | Reached XP level 11. HP: 90/109 MP: 10/10
  9488 | Lair:1   | Reached skill level 1 in Shields
  9835 | Lair:1   | Reached ***** piety under Trog
  9921 | Lair:1   | Noticed Amaemon
  9933 | Lair:1   | Killed Amaemon
 10458 | Lair:2   | Noticed a spriggan druid
 10461 | Lair:2   | Noticed a spriggan druid
 10544 | Lair:2   | Noticed Erica
 10675 | D:9      | Killed an orc knight
 10688 | D:9      | Received a gift from Trog
 10982 | D:3      | Bought a glowing mace for 126 gold pieces
 11056 | D:1      | Bought a scroll of identify for 24 gold pieces
 11056 | D:1      | Bought a scroll of identify for 24 gold pieces
 11056 | D:1      | Bought a scroll of enchant armour for 90 gold pieces
 11056 | D:1      | Bought 2 scrolls of teleportation for 72 gold pieces
 11057 | D:1      | Bought a scroll of identify for 24 gold pieces
 11057 | D:1      | Bought a scroll of blinking for 90 gold pieces
 11057 | D:1      | Bought a scroll of identify for 24 gold pieces
 12149 | Lair:2   | Killed a spriggan druid
 12210 | Lair:2   | Killed a spriggan druid
 12470 | Lair:2   | HP: 6/166 [something/bolt of poison (23)]
 12472 | Lair:2   | HP: 1/166 [poisoned by Erica (bolt of poison)]
 12472 | Lair:2   | Killed Erica
 12473 | Lair:2   | Reached skill level 14 in Maces & Flails
 12473 | Lair:2   | Reached XP level 12. HP: 1/120 MP: 11/11
 12473 | Lair:2   | Succumbed to Erica's bolt of poison

Illustrated notes

Levels and vault maps discovered:
D:1:      dpeg_arrival_shelter, layout_rooms, serial_shops, shop,
          dreamdust_princess_bridge
D:2:      layout_loops_corners, minmay_3d_cube, uniq_natasha
D:3:      layout_basic, mainiacjoe_overflow_big_doors, serial_shops,
          shop_fountains, kennysheep_generic_room_4
D:4:      layout_cave_pools, biasface_ghost_orc_armoury,
          small_statue_intersection, kennysheep_generic_room_10, uniq_sigmund
D:5:      layout_gridville, minmay_temple_entry_sparse_star, enter_ossuary_2,
          serial_shops, nicolae_book_shop_shelving, corexii_corridor_pit,
          skrybe_limestone_x, nicolae_houndstooth_variations, uniq_edmund,
          uniq_grinder
D:6:      kb_forest_paths, layout_basic
D:7:      layout_basic, st_stairs_6
D:8:      layout_layer_cave, fiery_altar_vehumet, uniq_jeremiah
D:9:      layout_roguey, erik_lair_island, david_orc_3
Lair:1:   layout_long_grid, chequers_serial_rivers_micro_a,
          serial_bayou_shore_b, serial_bayou_shore_a, uniq_amaemon
Lair:2:   layout_loops_ring, mainiacjoe_swamp_entry_angry_trees,
          serial_bayou_pond_c, infiniplex_staircase_pool_2, grunt_megastairs_3,
          uniq_erica
Orc:1:    layout_caves, uniq_josephine, uniq_erolcha

Skill      XL: |  1  2  3  4  5  6  7  8  9 10 11 |
---------------+----------------------------------+-----
Dodging        | 3 4 5 6 |  6.0
Fighting       | 3 4 5 6 7 8 |  8.2
Unarmed Combat | 4 5 |  5.4
Throwing       | 1 2 3 4 |  4.0
Maces & Flails | 3 8 12 13 14 | 14.0
Evocations     | 3 4 |  4.5
Shields        | 4 |  4.9

Action                     |  1- 3 |  4- 6 |  7- 9 | 10-12 || total
---------------------------+-------+-------+-------+-------++-------
  Melee: Unarmed           |    96 |    95 |   253 |   265 ||   709
         Punch             |     1 |     5 |    10 |    13 ||    29
         Giant spiked club |       |       |    41 |    10 ||    51
         Mace              |       |       |       |   208 ||   208
         Demon whip        |       |       |       |    79 ||    79
  Throw: Large rock        |       |     1 |     2 |     2 ||     5
         Dart              |       |     1 |       |    36 ||    37
 Invoke: Berserk           |       |     2 |     4 |    12 ||    18
         Trog's Hand       |       |     1 |       |     3 ||     4
         Brothers in Arms  |       |       |       |     1 ||     1
Ability: Evoke Invisibilit |       |       |       |     1 ||     1
    Use: Scroll            |     1 |       |     8 |    15 ||    24
         Potion            |       |       |     2 |     3 ||     5
   Stab: Sleeping          |     1 |     2 |       |     1 ||     4
         Distracted        |       |       |     2 |       ||     2
         Invisible         |       |       |       |     3 ||     3
 Armour: Animal skin       |    69 |    45 |   164 |       ||   278
         Steam dragon scal |       |       |    72 |   373 ||   445
  Dodge: Dodged            |    52 |    51 |   246 |   289 ||   638
  Block: Tower shield      |       |       |       |   223 ||   223
